 Dungeon Crawl Stone Soup version 0.29.1-13-g9f3cf754e1 (webtiles) character file.

Game seed: 10789422589727422676

28 Thatpatchoflichen the Trooper (level 3, -1/40 HPs)
             Began as an Ogre Monk on Feb 3, 2023.
             Slain by a goblin
             ... wielding a +0 club
             ... led by Robin
              (5 damage)
             ... on level 2 of the Dungeon.
             The game lasted 00:02:22 (981 turns).

Thatpatchoflichen the Trooper (Ogre Monk)            Turns: 981, Time: 00:02:23

Health: -1/40      AC:  3    Str: 15    XL:     3   Next: 14%
Magic:  3/3        EV: 10    Int: 11    God:
Gold:   90         SH:  0    Dex: 13    Spells: 2/2 levels left

rFire   . . .      SeeInvis .   a - +0 mace
rCold   . . .      Faith    .   (no shield)
rNeg    . . .      Spirit   .   b - +0 robe
rPois   .          Reflect  .   (helmet restricted)
rElec   .          Harm     .   (no cloak)
rCorr   .          Rampage  .   (gloves unavailable)
Will    .....                   (boots unavailable)
Stlth   ++........              (no amulet)
HPRegen 0.13/turn               (no ring)
MPRegen 0.08/turn               (no ring)

@: no status effects
A: large, unfitting armour, tough skin 1
a: no special abilities


You were on level 2 of the Dungeon.
You visited 1 branch of the dungeon, and saw 3 of its levels.

You collected 90 gold pieces.

Inventory:

Hand Weapons
 a - a +0 mace (weapon)
Armour
 b - a +0 robe (worn)
Jewellery
 n - a ring of protection from cold
Scrolls
 g - 2 scrolls of identify {unknown}
 j - a scroll of brand weapon {unknown}
 l - a scroll of fog {unknown}
 o - a scroll of enchant armour {unknown}
 p - a scroll of immolation {unknown}
 q - a scroll of teleportation {unknown}
Potions
 c - a potion of ambrosia
 d - a potion of degeneration {unknown}
 e - a potion of might {unknown}
 f - a potion of mutation {unknown}
 h - a potion of flight {unknown}
 i - a potion of haste {unknown}
 k - 2 potions of heal wounds {unknown}
 m - a potion of invisibility {unknown}
 r - a potion of attraction {unknown}


   Skills:
 + Level 4.4 Fighting
 + Level 3.0 Maces & Flails
 + Level 3.0 Dodging
 + Level 1.8 Stealth


You had 2 spell levels left.
You didn't know any spells.
Your spell library contained the following spells:

 Spells                   Type           Power      Damage    Failure   Level
 Dazzling Flash           Conj/Hex       0%         N/A       71%         3
 Iskenderun's Mystic Bla  Conj/Tloc      0%         2d3       98%         4
 Starburst                Conj/Fire      0%         6d3       100%        6


Dungeon Overview and Level Annotations

Branches:
Dungeon (3/15)

Altars:
Cheibriados
The Shining One

Annotations:
D:2 Robin


Innate Abilities, Weirdness & Mutations

You are too large for most types of armour.
You have tough skin. (AC +1)


Message History

You hear a shout!
You see here a +0 dagger.
A ball python comes into view.
Robin throws the goblin at you!
A goblin comes into view. It is wielding a +0 dagger.
You closely miss the goblin.
The ball python hisses angrily.
The goblin hits you but does no damage.
You hit the goblin.
You kill the goblin!
The dart slug launches a dart at you. The slug dart hits you.
* * * LOW HITPOINT WARNING * * *
Robin throws the goblin at you!
* * * LOW HITPOINT WARNING * * *
You closely miss the goblin. The ball python closely misses you.
Robin roars a battlecry!
The goblin completely misses you. The dart slug closely misses you.
The ball python barely misses you.
You barely miss the goblin. The goblin hits you but does no damage.
The ball python misses you.
The dart slug bites you but does no damage.
You thump the goblin!
You kill the goblin!
The ball python bites you but does no damage.
Robin roars a battlecry!
A goblin comes into view. It is wielding a +0 dagger.
The dart slug bites you but does no damage.
The ball python bites you but does no damage.
Robin says, "A pitiful Ogre like you will never find the ORB!"
Robin throws the goblin at you! The goblin closely misses you.
You hit the ball python.
You kill the ball python!
The goblin barely misses you. The dart slug closely misses you.
The goblin hits you with a +0 club.
* * * LOW HITPOINT WARNING * * *
Things that are here:
a +0 dagger; a goblin corpse The goblin attacks as you move away!
The goblin hits you with a +0 club.
You die...

###.####.#.#.#.#
## ###.#
#.#..... .##.#
#.#$#.########
.##.#
#.....g.>J..g#
.##.#
#.......g###J#
.##.# #..##.##.#
#w# .##.#
#..##.##.# #.#
g#
..#....##.###w#
##
###.##..#..@g..#
. . ...#..#####
# .###.##..#
.... .##.. # #.#
#. #.


You could see a dart slug, a hobgoblin (strong) and a goblin (strong).

Vanquished Creatures
  A dart slug (D:1)
  A bat (D:1)
  3 giant cockroaches (D:1)
  5 goblins
  A hobgoblin (D:1)
  8 ball pythons
  2 frilled lizards (D:2)
  A kobold (D:1)
  3 rats (D:1)
25 creatures vanquished.

Notes
Turn   | Place    | Note
-------+----------+-------------------------------------------
     0 | D:1      | Thatpatchoflichen the Ogre Monk began the quest for the
                  | Orb.
     0 | D:1      | Reached XP level 1. HP: 24/24 MP: 1/1
    90 | D:1      | Reached XP level 2. HP: 28/32 MP: 2/2
   845 | D:2      | Reached XP level 3. HP: 37/40 MP: 3/3
   885 | D:2      | Found a glowing golden altar of the Shining One.
   934 | D:2      | Noticed Robin
   960 | D:3      | Found a snail-covered altar of Cheibriados.
   981 | D:2      | Slain by a goblin

Illustrated notes

Levels and vault maps discovered:
D:1:      minmay_arrival_diagonal_passages, layout_rooms
D:2:      layout_loops_ring, basic_altar, shapermc_ecumenical_altar_flowoftime,
          minmay_misc_feat_secret_circle, minmay_tetromino_t2, uniq_robin
D:3:      layout_rooms, mainiacjoe_overflow_24_doors, cheibriados_altar_1,
          mainiacjoe_overflow_boulevard, uniq_ijyb

Skill      XL: |  1  2 |
---------------+-------+-----
Maces & Flails | 3 |  3.0
Dodging        | 3 |  3.0
Fighting       | |  4.4
Stealth        | |  1.8

Action                   || total
-------------------------++-------
Melee: Mace              ||    77
       Punch             ||     2
 Stab: Sleeping          ||     1
Armor: Robe              ||    39
Dodge: Dodged            ||    66
